 Dungeon Crawl Stone Soup version 0.29-a0-2-g12fcac58f8 (webtiles) character file.

Game seed: 18206179885640122193

483 HallandMoats the Ruffian (level 7, -1/61 HPs)
             Began as a Ghoul Monk on Jan 27, 2022.
             Was a Believer of Cheibriados.
             Slain by a gnoll (3 damage)
             ... on level 4 of the Dungeon.
             The game lasted 00:04:12 (3851 turns).

HallandMoats the Ruffian (Ghoul Monk)               Turns: 3851, Time: 00:04:13

Health: -1/61      AC: 10    Str: 22    XL:     7   Next: 12%
Magic:  8/8        EV: 11    Int: 10    God:    Cheibriados [**....]
Gold:   157        SH:  0    Dex: 16    Spells: 6/6 levels left

rFire   . . .      SeeInvis .     - Unarmed
rCold   + . .      Faith    .   (no shield)
rNeg    + + +      Spirit   .   e - +0 plate armour
rPois   ∞          Reflect  .   (no helmet)
rElec   .          Harm     .   (no cloak)
rCorr   .          Rampage  .   (no gloves)
Will    .....                   (no boots)
Stlth   ..........              (no amulet)
HPRegen 0.00/turn               k - +4 ring of evasion
MPRegen 0.11/turn               (no ring)

@: inhibited regen, very slow
A: claws 1, cold resistance 1, negative energy resistance 3, inhibited
regeneration, torment resistance 2
a: Renounce Religion, Bend Time


You were on level 4 of the Dungeon.
You worshipped Cheibriados.
Cheibriados was pleased with you.
You visited 2 branches of the dungeon, and saw 5 of its levels.

You collected 157 gold pieces.

Inventory:

Armour
 e - a +0 plate armour (worn)
Jewellery
 k - a +4 ring of evasion (left claw)
Scrolls
 a - a scroll of magic mapping {unknown}
 d - 2 scrolls of amnesia {unknown}
 f - a scroll of blinking {unknown}
 h - 3 scrolls of acquirement {unknown}
 i - a scroll of teleportation {unknown}
 l - 3 scrolls of enchant weapon {unknown}
 n - a scroll of noise {unknown}
 o - a scroll of brand weapon {unknown}
 r - a scroll of summoning {unknown}
 t - a scroll of identify {unknown}
Potions
 b - 2 potions of might {unknown}
 c - 6 potions of heal wounds {unknown}
 g - a potion of attraction {unknown}
 j - a potion of curing {unknown}
 m - a potion of berserk rage {unknown}
 p - a potion of cancellation {unknown}
 q - a potion of flight {unknown}
 s - a potion of degeneration {unknown}
 u - a potion of brilliance {unknown}


   Skills:
 * Level 5.3 Fighting
 + Level 2.0 Armour
 + Level 3.6 Dodging
 - Level 2.1 Stealth
 * Level 5.4 Unarmed Combat
 + Level 2.7 Invocations


You had 6 spell levels left.
You didn't know any spells.
Your spell library contained the following spells:

 Spells                   Type           Power      Damage    Failure   Level
 Tukima's Dance           Hex            0%         N/A       100%        3
 Anguish                  Hex/Necr       0%         N/A       100%        4
 Enfeeble                 Hex            0%         N/A       100%        7


Dungeon Overview and Level Annotations

Branches:
Dungeon (4/15)             Temple (1/1) D:4

Altars:
Ashenzari
Cheibriados
Dithmenos
Elyvilon
Fedhas
Gozag
Kikubaaqudgha
Makhleb
Nemelex Xobeh
Okawaru
Qazlal
Ru
Sif Muna
Trog
Vehumet
Wu Jian
Yredelemnul
Zin
The Shining One

Shops:
D:1 *


Innate Abilities, Weirdness & Mutations

You thrive by killing the living.
You are immune to poison.
You have sharp fingernails.
Your flesh is cold resistant. (rC+)
You are immune to negative energy. (rN+++)
You do not regenerate when monsters are visible.
You are immune to unholy pain and torment.


Message History

You scratch something but do no damage. The gnoll barely misses you.
You scratch something but do no damage. Something hits you but does no damage.
You barely miss something. The gnoll barely misses you. Something hits you.
* * * LOW HITPOINT WARNING * * *
You claw something!
Cheibriados appreciates the change of pace.
You feel better.
Reactivating autopickup.
You feel a bit more experienced.
The gnoll hits you from afar with a +0 spear.
You barely miss the orc.
The gnoll hits you from afar with a +0 spear.
An orc priest comes into view. It is wielding a +0 hand axe.
The orc barely misses you.
You scratch the orc.
The orc is heavily wounded.
The gnoll completely misses you. The orc hits you but does no damage.
You scratch the orc but do no damage.
The orc is heavily wounded.
The gnoll barely misses you. The orc hits you with a +0 hand axe.
* * * LOW HITPOINT WARNING * * *
You closely miss the orc.
The orc is heavily wounded.
The gnoll completely misses you. The orc hits you but does no damage.
You claw the orc!
You kill the orc!
Cheibriados appreciates the change of pace.
The gnoll hits you from afar with a +0 spear.
* * * LOW HITPOINT WARNING * * *
You scratch the orc priest but do no damage.
Your claw misses the orc priest.
The orc priest mumbles some strange prayers to Beogh against you.
Beogh smites you!
* * * LOW HITPOINT WARNING * * *
The gnoll closely misses you.
You claw the orc priest!
The orc priest is heavily wounded.
The orc priest barely misses you.
The gnoll hits you from afar with a +0 spear.
You die...

.## ##.#####.#.o.
#....#### .# ##.#####.#
.. ##.....
.####..##.##.# o. ..#
...###.......# K ...#
.............# .###...#
....#........# #......#
...##........# #......#
.............# ##og....#
##......##...###@##+##+#
#..##..###...##.#..#
....#...#....#..#.##
...##........###.##
...##.....#.####).#
...#.>....#####'##+##+##
...........# #.........#
...##......# #.8..8..8.#
...##......# #.........#


You could see an orc priest and a gnoll.

Vanquished Creatures
  A scorpion (D:4)
  A hound (D:3)
  A jelly (D:4)
  2 orc priests (D:3)
  An iguana (D:2)
  3 orc wizards
  A scorpion zombie (D:4)
  A hound skeleton (D:2)
  2 gnolls (D:4)
  5 adders
  3 worms
  10 orcs
  5 ball pythons
  4 bats
  11 endoplasms
  5 giant cockroaches
  7 goblins
  8 hobgoblins
  4 jackals (D:2)
  A quokka (D:2)
  3 kobolds
  9 rats
88 creatures vanquished.

Notes
Turn   | Place    | Note
-------+----------+-------------------------------------------
     0 | D:1      | HallandMoats the Ghoul Monk began the quest for the Orb.
     0 | D:1      | Reached XP level 1. HP: 19/19 MP: 0/0
   178 | D:1      | Reached XP level 2. HP: 26/26 MP: 1/1
   290 | D:1      | Found a faded altar of an unknown god.
   599 | D:1      | Found Lovvinn's Assorted Antiques.
   763 | D:2      | Reached XP level 3. HP: 13/33 MP: 2/2
   779 | D:2      | Reached skill level 1 in Invocations
  1012 | D:2      | Reached XP level 4. HP: 36/40 MP: 3/3
  1061 | D:2      | Found a stormy altar of Qazlal.
  1437 | D:2      | Reached skill level 1 in Armour
  1747 | D:3      | Reached XP level 5. HP: 37/47 MP: 5/5
  2750 | D:3      | Reached XP level 6. HP: 20/55 MP: 6/6
  3013 | D:4      | Reached skill level 5 in Unarmed Combat
  3240 | D:4      | Reached skill level 5 in Fighting
  3397 | D:4      | Found a staircase to the Ecumenical Temple.
  3404 | D:4      | Found a blossoming altar of Fedhas.
  3528 | Temple   | Entered the Ecumenical Temple
  3648 | Temple   | Became a worshipper of Cheibriados the Contemplative
  3648 | Temple   | Reached * piety under Cheibriados
  3648 | Temple   | Reached ** piety under Cheibriados
  3831 | D:4      | Reached XP level 7. HP: 30/61 MP: 6/8
  3850 | D:4      | HP: 2/61 [orc priest/divine providence (14)]
  3851 | D:4      | Slain by a gnoll

Illustrated notes

Levels and vault maps discovered:
D:1:      minmay_arrival_doors, layout_loops_cross, serial_shops,
          nicolae_shop_overgrown_old_shop, hellmonk_ecumenical_altar_blasted,
          minmay_worlds_worst_comb
D:2:      layout_rooms, basic_altar
D:3:      layout_basic
D:4:      minmay_chambers_of_threes, layout_cave_pools, fedhas_altar_3,
          minmay_temple_entry_purple_smoke
Temple:   mainiacjoe_temple_coin_purse

Skill      XL: |  1  2  3  4  5  6 |
---------------+-------------------+-----
Unarmed Combat | 4 5 |  5.4
Invocations    | 1 2 |  2.7
Fighting       | 4 5 |  5.3
Dodging        | 3 |  3.6
Armour         | 1 2 |  2.0
Stealth        | |  2.1

Action                   |  1- 3 |  4- 6 |  7- 9 || total
-------------------------+-------+-------+-------++-------
Melee: Unarmed           |    82 |   208 |    21 ||   311
       Punch             |     2 |     7 |     1 ||    10
 Stab: Sleeping          |     4 |       |       ||     4
Armor: Robe              |     6 |       |       ||     6
       Plate armour      |    42 |   132 |    13 ||   187
Dodge: Dodged            |    23 |    72 |    11 ||   106

Table legend: (Time is in decaauts)
 A = Elapsed time spent in this place.
 B = Non-inter-level travel time spent in this place.
 C = Inter-level travel time spent in this place.
 D = Time resting spent in this place.
 E = Time spent auto-exploring this place.
 F = Levels seen in this place.
 G = Mean time per level.
                   A        B        C        D        E       F      G
               +--------+--------+--------+--------+--------+-----+--------+
         Total |   3890 |   3728 |    162 |    360 |   2719 |   5 |  778.0 |
       Dungeon |   3753 |   3632 |    121 |    360 |   2639 |   4 |  938.2 |
        Temple |    137 |     97 |     40 |      0 |     80 |   1 |  137.0 |
               +--------+--------+--------+--------+--------+-----+--------+

Top non-repeatable levels by time:
     D:3: 1319 daAuts
     D:2: 859 daAuts
     D:4: 829 daAuts
     D:1: 744 daAuts
  Temple: 137 daAuts
